 Dungeon Crawl Stone Soup version 0.29.1-13-g9f3cf754e1 (webtiles) character file.

Game seed: 11637665764523891739

562 Linkola the Covered (level 7, -1/60 HPs)
             Began as a Minotaur Fighter on Jan 22, 2023.
             Was an Initiate of Wu Jian.
             Slain by an ufetubus (4 damage)
             ... on level 5 of the Dungeon.
             The game lasted 00:07:23 (3572 turns).

Linkola the Covered (Minotaur Fighter)              Turns: 3572, Time: 00:07:24

Health: -1/60      AC:  8    Str: 29    XL:     7   Next: 10%
Magic:  6/6        EV: 10    Int:  5    God:    Wu Jian [......]
Gold:   238        SH:  4    Dex:  9    Spells: 6/6 levels left

rFire   x . .      SeeInvis .   o - +8 short sword "Jellybane" {elec, Fly rPois rF- rN+}
rCold   . . .      Faith    .   c - +0 buckler
rNeg    + + .      Spirit   .   b - +0 scale mail
rPois   +          Reflect  .   (helmet restricted)
rElec   .          Harm     .   l - +0 cloak
rCorr   .          Rampage  .   (no gloves)
Will    .....                   (no boots)
Stlth   ..........              s - amulet of the acrobat
HPRegen 0.20/turn               m - +6 ring of strength
MPRegen 0.10/turn               n - ring of positive energy

@: about to teleport, flying
A: horns 2, retaliatory headbutt
a: Renounce Religion


You were on level 5 of the Dungeon.
You worshipped Wu Jian.
Wu Jian was noncommittal.
You visited 1 branch of the dungeon, and saw 5 of its levels.

You collected 238 gold pieces.

Inventory:

Hand Weapons
 o - the +8 short sword "Jellybane" (weapon) {elec, Fly rPois rF- rN+}
   (You found it on level 4 of the Dungeon)

   It occasionally discharges a powerful burst of electricity upon striking a
   foe.
   rF:        It makes you vulnerable to fire.
   rPois:     It protects you from poison.
   rN:        It protects you from negative energy.
   Fly:       It grants you flight.
Missiles
 g - 7 poisoned darts
 h - 17 stones (quivered)
Armour
 b - a +0 scale mail (worn)
 c - a +0 buckler (worn)
 l - a +0 cloak (worn)
Jewellery
 m - a +6 ring of strength (left hand)
 n - a ring of positive energy (right hand)
 s - an amulet of the acrobat (around neck)
Wands
 r - a wand of digging (4)
Scrolls
 t - a scroll of vulnerability {unknown}
Potions
 a - a potion of lignification {unknown}
 d - 3 potions of might
 e - a potion of magic
 f - a potion of brilliance {unknown}
 i - a potion of haste {unknown}
 j - 3 potions of curing
 k - a potion of resistance
 q - a potion of degeneration {unknown}


   Skills:
 + Level 4.6 Fighting
 + Level 0.4 Short Blades
 + Level 5.0 Axes
 * Level 3.0 Throwing
 + Level 5.2 Armour
 + Level 1.0 Dodging
 + Level 4.1 Shields
 * Level 2.7 Evocations


You had 6 spell levels left.
You didn't know any spells.
Your spell library was empty.

Dungeon Overview and Level Annotations

Branches:
Dungeon (5/15)             Temple (0/1) D:4

Altars:
Makhleb
Ru
Sif Muna
Wu Jian
Xom

Shops:
D:4 =


Innate Abilities, Weirdness & Mutations

You have a pair of horns on your head.
You reflexively headbutt those who attack you in melee.


Message History

You headbutt Edmund, but do no damage. You completely miss Edmund.
You headbutt Edmund!
Edmund is severely wounded.
The ufetubus hits you but does no damage.
The ufetubus hits you. The gnoll hits you but does no damage.
The gnoll hits you from afar with a +0 spear.
The gnoll hits you but does no damage. You block Edmund's attack.
The ufetubus closely misses you.
The ufetubus hits you but does no damage.
You puncture the gnoll!
The gnoll is almost dead.
The ufetubus closely misses you. You block the ufetubus's attack.
You block the gnoll's attack. The gnoll barely misses you.
The gnoll closely misses you. You block the gnoll's attack.
Edmund hits you but does no damage.
You hit Edmund but do no damage.
Edmund is severely wounded.
The ufetubus barely misses you. The ufetubus closely misses you.
The gnoll hits you with a +0 flail!
* * * LOW HITPOINT WARNING * * *
The gnoll closely misses you. The gnoll hits you with a +0 club.
* * * LOW HITPOINT WARNING * * *
Edmund completely misses you. You furiously retaliate!
You headbutt Edmund! The gnoll closely misses you.
The ufetubus hits you but does no damage.
You block the ufetubus's attack.
As you read the scroll of teleportation, it crumbles to dust.
You feel strangely unstable. You block the ufetubus's attack.
The ufetubus hits you but does no damage.
The gnoll hits you with a +0 flail.
* * * LOW HITPOINT WARNING * * *
The gnoll hits you but does no damage. x2
Edmund hits you with a +0 flail of protection.
* * * LOW HITPOINT WARNING * * *
The gnoll barely misses you.
You puncture Edmund!
You kill Edmund!
The Council accepts your kill. The ufetubus hits you.
You die...

#. #..<....#........
#.####.#.##.#.#######.
.....#.#.##.#.#
§......#.##.#.#
§≈.≈≈.......#.#
.≈.≈..†.......#
....§≈§.#######
≈...§≈gg# .._..gg@#
§...≈≈5)# .....≈..#
.§§§§...# §≈§§≈§..#
..§§§.... .........
##...##.#


You could see 4 gnolls and an ufetubus.

Vanquished Creatures
  Edmund (D:5)
  A phantom (D:4)
  A necrophage (D:3)
  A howler monkey (D:5)
  3 hounds
  A jelly (D:4)
  3 orc priests (D:4)
  An iguana (D:3)
  A gnoll (D:1)
  6 adders
  2 worms
  A dart slug (D:3)
  3 orcs (D:4)
  6 endoplasms
  5 giant cockroaches
  2 goblins (D:3)
  10 hobgoblins
  7 jackals
  10 kobolds
  A quokka (D:3)
  6 ball pythons
  8 bats (D:1)
  4 frilled lizards
  9 rats
93 creatures vanquished.

Notes
Turn   | Place    | Note
-------+----------+-------------------------------------------
     0 | D:1      | Linkola the Minotaur Fighter began the quest for the Orb.
     0 | D:1      | Reached XP level 1. HP: 19/19 MP: 0/0
   214 | D:1      | Reached XP level 2. HP: 27/27 MP: 1/1
   242 | D:1      | Reached skill level 1 in Evocations
   310 | D:1      | Reached skill level 1 in Throwing
   351 | D:1      | Reached XP level 3. HP: 33/33 MP: 2/2
  1397 | D:2      | Found a faded altar of an unknown god.
  1470 | D:2      | Reached XP level 4. HP: 40/40 MP: 3/3
  2133 | D:3      | Noticed a necrophage
  2247 | D:3      | Killed a necrophage
  2248 | D:3      | Reached XP level 5. HP: 36/46 MP: 4/4
  2587 | D:3      | Found a shimmering blue altar of Sif Muna.
  2829 | D:4      | Reached XP level 6. HP: 53/53 MP: 5/5
  2881 | D:4      | Identified the +8 short sword "Jellybane" {elec, Fly rPois
                  | rF- rN+}
  2885 | D:4      | Found a burning altar of Makhleb.
  2886 | D:4      | Found an ornate altar of the Wu Jian Council.
  2975 | D:4      | Became a worshipper of the Wu Jian Council
  2984 | D:4      | Found Rulidd's Jewellery Shoppe.
  3074 | D:4      | Found a sacrificial altar of Ru.
  3314 | D:4      | Reached skill level 5 in Axes
  3381 | D:4      | Found a staircase to the Ecumenical Temple.
  3525 | D:5      | Entered Level 5 of the Dungeon
  3546 | D:5      | Found a shimmering altar of Xom.
  3551 | D:5      | Reached skill level 1 in Dodging
  3551 | D:5      | Reached XP level 7. HP: 59/60 MP: 6/6
  3551 | D:5      | Noticed Edmund
  3556 | D:5      | Reached skill level 5 in Armour
  3571 | D:5      | HP: 3/60 [Edmund/+0 flail of protection (6)]
  3572 | D:5      | Killed Edmund
  3572 | D:5      | Slain by an ufetubus

Illustrated notes

Levels and vault maps discovered:
D:1:      dpeg_arrival_stonehenge_8_columns, layout_basic,
          minmay_split_cup_small
D:2:      layout_basic, shapermc_ecumenical_altar_mp_highgroup
D:3:      layout_basic, lemuel_blue_sif_altar
D:4:      layout_basic, nicolae_ru_the_path_less_chosen,
          grunt_temple_overflow_open, minmay_temple_entry_enclosed_plants,
          serial_shops, nicolae_shop_hallway_plus, kennysheep_pointless_box,
          serial_bayou_crossing
D:5:      layout_loops_ring, grunt_dithmenos_shadows,
          mainiacjoe_overflow_small_starburst, uniq_edmund

Skill      XL: |  1  2  3  4  5  6  7 |
---------------+----------------------+-----
Fighting       | 4 |  4.6
Evocations     | 1 2 |  2.7
Throwing       | 1 2 3 |  3.0
Axes           | 3 4 5 |  5.0
Armour         | 4 5 |  5.2
Shields        | 4 |  4.1
Dodging        | 1 |  1.0
Short Blades   | |  0.4

Action                   |  1- 3 |  4- 6 |  7- 9 || total
-------------------------+-------+-------+-------++-------
Melee: War axe           |    88 |    73 |       ||   161
       Headbutt          |     9 |    15 |     5 ||    29
       Short sword       |       |    23 |    19 ||    42
Throw: Stone             |    12 |    18 |       ||    30
Invok: Lunge             |       |     6 |     1 ||     7
  Use: Scroll            |     4 |     4 |     1 ||     9
Armor: Scale mail        |    42 |    42 |    19 ||   103
Dodge: Dodged            |    43 |    44 |    24 ||   111
Block: Buckler           |    25 |    17 |    13 ||    55
